Map: Lost and Found LE

Players

FeaR - Winner!

  • Race: Protoss Protoss
  • Spawn Location: 7:00

DeMusliM

  • Race: Terran Terran
  • League: Master
  • Spawn Location: 1:00

Event: HomeStory Cup XVII

VOD

Have the link to the VOD?

Description

Time

  • Played on: June 29, 2018, 11:15 a.m.
  • Length: 9:40

All games in this series

Show
View Real Time Build Order
Export as new Build Order

FeaR Protoss - Winner!

Build Orders: 1 Gate Expand, Dark Templar Rush 

Get SALT Encoding   

  12  0:00  Probe  
  13  0:12  Probe  
  14  0:18  Pylon  
  14  0:24  Probe  
  15  0:32  Probe  
  15  0:37  Gateway  
  15  0:40  Probe  
  16  0:47  Assimilator  
  17  0:51  Probe  
  18  1:03  Probe  
  19  1:15  Probe  
  20  1:22  Nexus  
  20  1:33  Cybernetics Core  
  20  1:36  Probe  
  21  1:41  Assimilator  
  21  1:48  Probe  
  21  1:52  Pylon  
  22  2:00  Probe, Stalker  
  23  2:12  Probe, Warp Gate  
  26  2:24  Stalker  
  26  2:25  Probe  
  26  2:34  Twilight Council  
  26  2:36  Probe  
  30  2:37  Probe  
  30  2:48  Probe  
  30  2:49  Probe  
  30  2:50  Stalker  
  34  3:00  Probe  
  34  3:01  Probe  
  36  3:12  Probe  
  37  3:13  Probe  
  38  3:24  Probe  
  38  3:25  Probe  
  40  3:29  Dark Shrine  
  40  3:33  Pylon  
  40  3:35  Gateway  
  40  3:36  Gateway, Probe  
  40  3:37  Probe  
  42  3:48  Probe  
  42  3:50  Probe  
  44  3:57  Probe  
  44  3:58  Probe  
  44  4:00  Assimilator, Pylon  
  44  4:01  Pylon  
  46  4:02  Assimilator  
  46  4:05  Probe  
  46  4:06  Probe  
  47  4:10  Blink  
  47  4:15  Probe  
  47  4:16  Probe  
  48  4:27  Probe  
  48  4:28  Probe  
  50  4:35  Shield Battery  
  50  4:37  Shield Battery  
  50  4:39  Robotics Facility  
  50  4:43  Dark Templar x2  
  54  4:47  Dark Templar  
  54  4:50  Probe x2  
  58  4:53  Shield Battery  
  58  5:02  Probe x2  
  58  5:11  Shield Battery  
  57  5:14  Probe  
  57  5:20  Probe  
  56  5:21  Dark Templar x2  
  56  5:23  Observer  
  56  5:26  Probe  
  56  5:32  Probe  
  53  5:38  Probe  
  53  5:42  Stalker x2  
  56  5:43  Stalker  
  61  5:50  Probe  
  61  5:54  Warp Prism  
  61  5:55  Pylon  
  62  6:02  Robotics Bay  
  62  6:04  Nexus  
  62  6:09  Probe x2  
  62  6:15  Pylon  
  62  6:17  Forge  
  62  6:21  Probe  
  62  6:23  Stalker x3  
  69  6:30  Probe  
  66  6:33  Probe  
  66  6:37  Disruptor  
  67  6:50  Protoss Ground Weapons Level 1  
  68  6:57  Charge  
  68  6:58  Sentry  
  68  6:59  Gateway x2  
  70  7:01  Gateway, Zealot  
  70  7:02  Disruptor  
  70  7:03  Zealot  
  70  7:05  Probe  
  75  7:12  Gateway  
  78  7:17  Pylon  
  80  7:27  Zealot x3  
  83  7:32  Observer  
  83  7:38  Pylon  
  84  7:49  Stalker x3  
  86  7:51  Disruptor  
  89  7:59  Pylon  
  89  8:08  Zealot x4  
  92  8:15  Pylon  
  92  8:16  Pylon  
  92  8:18  Pylon  
  90  8:24  Zealot x3  
  88  8:28  Zealot x2  
  88  8:32  Probe x2  
  88  8:34  Disruptor  
  89  8:52  Stalker x3  
  89  9:07  Stalker x2  
  89  9:08  Stalker  
  93  9:12  Stalker  
  93  9:13  Probe  
  96  9:27  Probe x2, Stalker x3  
Show
View Real Time Build Order
Export as new Build Order

DeMusliM Terran 

Build Orders: Reaper Expand, Banshee Rush 

Get SALT Encoding   

  12  0:00  SCV  
  13  0:13  SCV  
  14  0:17  Supply Depot  
  14  0:25  SCV  
  15  0:38  SCV  
  15  0:39  Barracks  
  16  0:43  Refinery  
  16  0:50  SCV  
  17  1:02  SCV  
  18  1:15  SCV  
  19  1:26  Reaper  
  19  1:30  Orbital Command  
  20  1:40  Command Center  
  20  1:47  Supply Depot  
  20  1:55  SCV  
  20  1:58  Marine  
  22  2:07  SCV  
  23  2:09  Factory  
  23  2:12  Refinery  
  23  2:19  SCV  
  23  2:20  Barracks Reactor  
  24  2:32  SCV  
  25  2:44  SCV  
  26  2:53  Widow Mine  
  26  2:54  Starport  
  26  2:56  Orbital Command, SCV  
  26  2:58  Marine x2  
  31  3:02  Supply Depot  
  31  3:08  SCV  
  32  3:14  Factory Tech Lab  
  32  3:15  Marine  
  32  3:16  Marine  
  34  3:20  SCV  
  34  3:26  SCV  
  35  3:34  Marine x2  
  35  3:35  SCV  
  35  3:37  Cloaking Field, Banshee  
  35  3:38  Factory Tech Lab  
  35  3:39  SCV  
  42  3:42  Supply Depot  
  42  3:46  Bunker  
  42  3:48  SCV  
  43  3:51  SCV  
  44  4:00  Siege Tank, SCV  
  48  4:03  SCV  
  48  4:04  Supply Depot  
  48  4:07  Marine  
  48  4:08  Marine  
  51  4:12  SCV  
  51  4:15  SCV  
  53  4:21  Banshee  
  54  4:25  Marine  
  54  4:26  Marine  
  54  4:28  SCV  
  54  4:29  SCV  
  58  4:40  Supply Depot, SCV  
  58  4:42  Siege Tank  
  58  4:43  Marine x2  
  64  4:45  SCV  
  64  4:48  Supply Depot  
  65  4:53  SCV  
  65  4:55  Engineering Bay  
  65  4:58  SCV  
  67  5:01  Marine x2  
  67  5:04  Banshee  
  67  5:05  SCV  
  73  5:10  SCV  
  72  5:17  SCV  
  68  5:23  Marine x2  
  70  5:29  SCV  
  70  5:33  Missile Turret  
  71  5:36  SCV  
  71  5:42  SCV  
  73  5:43  Refinery  
  73  5:50  SCV  
  73  5:54  SCV  
  73  5:56  Refinery  
  75  6:01  Marine x2, Factory Tech Lab  
  75  6:02  SCV  
  75  6:03  Missile Turret  
  78  6:06  SCV  
  78  6:10  Raven  
  81  6:14  SCV  
  81  6:18  SCV  
  83  6:20  Command Center  
  83  6:23  Marine x2  
  85  6:26  SCV  
  85  6:27  Supply Depot  
  85  6:28  Supply Depot  
  86  6:35  SCV  
  86  6:38  SCV  
  85  6:40  Barracks  
  85  6:41  Marine x2  
  85  6:43  Barracks  
  84  6:49  Terran Infantry Weapons Level 1, Siege Tank  
  84  6:51  SCV  
  84  6:52  SCV  
  89  7:02  Marine x2  
  89  7:03  SCV  
  89  7:04  SCV  
  93  7:09  Barracks  
  93  7:13  Starport Reactor  
  93  7:16  Barracks  
  93  7:21  SCV  
  93  7:22  Marine, SCV  
  95  7:23  Marine  
  97  7:30  Barracks Tech Lab  
  97  7:34  SCV  
  97  7:35  Orbital Command  
  97  7:36  Supply Depot, SCV  
  99  7:46  SCV  
  97  7:57  Marine x2, Marauder x2  
  95  7:59  Combat Shields, Barracks Tech Lab  
  95  8:07  Orbital Command, Barracks Tech Lab  
  95  8:09  Medivac  
  95  8:10  Medivac  
  99  8:18  Marauder  
  93  8:23  Marine x2, Marauder  
  93  8:24  Marauder  
  85  8:27  SCV x2  
  85  8:30  Marauder  
  85  8:31  Concussive Shells  
  87  8:39  SCV x2  
  87  8:40  Marauder  
  83  8:41  Marine x2  
  83  8:44  Marine, Siege Tank  
  83  8:45  Medivac x2, Marauder  
  95  8:50  Orbital Command  
  95  8:51  Marauder, SCV  
  96  8:56  SCV  
  96  8:59  Marine  
  98  9:07  Marine, Marauder  
  98  9:08  Marauder x2  
  103  9:13  Marauder  
  103  9:16  Supply Depot  
  103  9:17  Marine  
Tags
 
Add a new tag
Caveats
  • Supply blocks, unpowered buildings, or Contaminate may cause inaccurate times.
  • Supply counts are checked every 10 seconds.